Amaranta, neutral female human Wizard ----------- ----------- |..``|``..--- |.........| |....|.....>| |.........| |.........--- |.........| |....|....| |....<....| |-.--------- |.........| |...`|.....| |........=| |....|.....| |.........| |..........| |.........| |....|.....----------------|| |....|......[.......@T......| ----------------------------- Amaranta the Magician Experience level: 10 Strength: 25 Dexterity: 13 Constitution: 17 Intelligence: 19 Wisdom: 14 Charisma: 8 Health: 0(78) Energy: 117(117) Def: 12 Gold: 97 Moves: 14602 Dungeon seed: EqINzzQIGuhFBmq6 Game ID: Amaranta_1442647424 Your Inventory: Coins $ - 97 gold pieces Weapons a - the rustproof +0 Magicbane b - a blessed +1 quarterstaff (weapon in hands) Armor e - an uncursed +0 pair of jumping boots n - an uncursed +0 elven leather helm (being worn) q - an uncursed +0 robe (being worn) H - an uncursed +0 pair of water walking boots (being worn) N - an uncursed +1 dwarvish mithril-coat (being worn) Y - an uncursed thoroughly rusty +0 pair of gauntlets of power (being worn) Comestibles d - an uncursed cram ration g - 6 uncursed food rations h - an uncursed orange m - 2 uncursed ponies v - an uncursed tin of gray ooze U - an uncursed lizard corpse Potions E - a blessed potion of booze V - a cursed potion of full healing Rings C - an uncursed ring of free action I - a cursed ring of teleportation O - an uncursed ring of slow digestion S - a blessed +1 ring of protection (on left hand) Wands l - a wand of enlightenment (0:14) w - a wand of polymorph (0:8) F - a wand of teleportation (0:6) R - a wand of digging (0:2) T - a wand of slow monster (0:1) W - a cursed wand of enlightenment (0:10) Tools f - an uncursed skeleton key p - an uncursed pair of lenses s - an uncursed sack t - an uncursed towel u - a blessed +0 unicorn horn x - an uncursed blindfold D - an uncursed magic whistle Gems r - a blessed luckstone Contents of the sack: 621 gold pieces an uncursed scroll of charging 3 uncursed scrolls of confuse monster 3 uncursed scrolls of create monster 2 uncursed scrolls of earth an uncursed scroll of enchant armor a cursed scroll of enchant armor a blessed scroll of enchant weapon 3 uncursed scrolls of enchant weapon an uncursed scroll of fire a cursed scroll of fire 2 uncursed scrolls of remove curse a cursed scroll of stinking cloud an uncursed scroll of teleportation a blessed scroll of water 3 uncursed scrolls of water 2 potions of holy water 2 uncursed potions of monster detection 2 uncursed potions of oil an uncursed potion of polymorph 5 uncursed potions of water an uncursed ring of cold resistance an uncursed ring of fire resistance an uncursed ring of polymorph an uncursed ring of slow digestion an uncursed ring of slow digestion a magic marker (0:45) a magic marker (0:32) Spells and supernatural/magical abilities: Name Level Category Fail Memory a - force bolt 1 attack 48% 27% l - light 1 divination 48% 38% m - magic missile 2 attack 12% 27% n - detect monsters 1 divination 48% 59% r - remove curse 3 clerical 96% 54% w - wizard lock 2 matter 57% 92% x - extra healing 3 healing 96% 27% O - create monster 2 clerical 57% 36% W - pray for help -- divine ? -- Your skills at the end: Fighting Skills Weapon Skills dagger [Basic] quarterstaff [Expert] Spellcasting Skills attack spells [Basic] enchantment spells [Basic] Final Attributes: You were piously aligned. You were cold resistant. You were sleep resistant. You were poison resistant. You were telepathic. You could walk on water. You were protected. You were extremely lucky. You had extra luck. Good luck did not time out for you. You are dead. Vanquished creatures: a vampire a ghost a baby long worm a giant zombie 2 small mimics an ettin mummy 2 trolls a wood golem a pyrolisk a tiger 5 dwarf kings a tengu an ochre jelly a mountain centaur an elf mummy a wraith an ettin zombie a leather golem a Grey-elf an incubus a crocodile 5 giant beetles a winter wolf cub a panther 3 giant spiders an ice vortex 2 black lights a vampire bat 2 gnome kings a dwarf mummy 4 ogres 2 brown puddings a rust monster an owlbear 3 gold golems a Green-elf 3 lizards 2 dingos a housecat 4 dwarf lords a water nymph a black unicorn 2 gnome mummies a snake a human zombie 2 rope golems 3 Woodland-elves 4 soldier ants 2 bugbears 2 Uruk-hai an orc shaman a rock piercer 3 ponies 2 fog clouds 2 yellow lights 3 shriekers 5 violet fungi 10 gnome lords 3 kobold mummies a red naga hatchling a black naga hatchling 3 gray oozes an elf zombie a ghoul a straw golem 4 giant ants 4 little dogs 4 floating eyes 2 kittens 21 dwarves 3 homunculi 3 kobold lords 7 hill orcs 3 rothes 3 centipedes a giant bat 3 monkeys 5 orc zombies 8 dwarf zombies 2 wererats a werejackal 3 iguanas 17 killer bees 3 coyotes 3 gas spores 3 hobbits a large kobold 6 hobgoblins 6 cave spiders a brown mold 4 yellow molds 32 gnomes 3 garter snakes 2 manes a gnome zombie 9 geckos 7 jackals a fox 3 goblins a sewer rat 10 grid bugs 2 bats 8 lichens 7 kobold zombies 12 newts 342 creatures vanquished. Voluntary challenges: You used a wielded weapon 493 times, starting on turn 48. You read items or engraved 25 times, starting on turn 1770. You never genocided any monsters. You never polymorphed an object. You never changed form. You used no wishes. You split 1 pudding, starting on turn 13821. You wrote Elbereth's name 1 time, starting on turn 6915. You never violated your personal moral code. You abstained from Elbereth's help. Dungeon overview: The Dungeons of Doom: levels 1 to 10 Level 1 some fountains a long staircase Level 2 a scroll shop, an altar to Thoth, a fountain stairs to The Gnomish Mines Level 3 a sink Level 4 an armor shop Level 5 an altar to Ptah Level 6 a general store Level 7 (orb@<) some fountains Level 8 Level 9 many fountains Level 10 stairs to Sokoban The Gnomish Mines: levels 3 to 11 Level 3 stairs to The Dungeons of Doom Level 4 Level 5 many shops, a temple to Ptah, some fountains, some trees Level 6 Level 7 Level 8 (saddle@<) Level 9 Level 10 Level 11 some fountains Sokoban: levels 8 to 9 Level 8 <- You were here Level 9 stairs to The Dungeons of Doom History has recorded: On T:1 you entered the Dungeons of Doom to retrieve the Amulet of Yendor! On T:261 you reached level 2 of The Dungeons of Doom. On T:645 you advanced to experience level 2. On T:679 you reached level 3 of The Dungeons of Doom. On T:695 you advanced to experience level 3. On T:1164 you advanced to experience level 4. On T:1303 you reached level 4 of The Dungeons of Doom. On T:1623 you reached level 1 of The Gnomish Mines. On T:1868 you advanced to experience level 5. On T:2564 you advanced to experience level 6. On T:2789 you reached level 2 of The Gnomish Mines. On T:3079 you reached level 3 of The Gnomish Mines. On T:3734 you reached level 4 of The Gnomish Mines. On T:3774 you advanced to experience level 7. On T:3997 you reached level 5 of The Gnomish Mines. On T:4316 you reached level 6 of The Gnomish Mines. On T:4618 you reached level 7 of The Gnomish Mines. On T:4619 you advanced to experience level 8. On T:5149 you reached level 8 of The Gnomish Mines. On T:5399 you reached level 9 of The Gnomish Mines. On T:6952 you advanced to experience level 9. On T:7778 you advanced to experience level 10. On T:11032 you received Magicbane from Thoth. On T:11172 you reached level 5 of The Dungeons of Doom. On T:11623 you reached level 6 of The Dungeons of Doom. On T:11987 you reached level 7 of The Dungeons of Doom. On T:12718 you reached level 8 of The Dungeons of Doom. On T:12958 you reached level 9 of The Dungeons of Doom. On T:13270 you reached level 10 of The Dungeons of Doom. On T:13496 you reached level 4 of Sokoban. On T:14028 you reached level 3 of Sokoban. Score breakdown: Gold: 718 ( 71 points) Experience: 10 levels ( 900 points) Exploration: 11 levels ( 300 points) Discoveries: 32 items ( 1600 points) Variety of kills: 105 monsters ( 2000 points) Major goal: (nothing yet) ( 0 points) Survival: died (score multiplied by 3) Total score: 14613 Latest messages: V - a potion of full healing. The troll hits! (2x) The troll bites! You die... Final status: Goodbye Amaranta the Wizard, killed by a troll... You died in Sokoban on dungeon level 8 with 14613 points, and 718 pieces of gold, after 14602 moves. You were level 10 with a maximum of 78 hit points when you died.